 Dungeon Crawl Stone Soup version 0.26-b1-32-g5d43845318 (webtiles) character file.

Game seed: 6201415603374340366

44293 MajorAdolf the Cleaver (level 14, -3/138 HPs)
             Began as a Naga Wanderer on Jan 8, 2021.
             Was an Initiate of Gozag.
             Slain by a torpor snail (8 damage)
             ... on level 6 of the Lair of Beasts.
             The game lasted 00:42:20 (30079 turns).

MajorAdolf the Cleaver (Naga Wanderer)             Turns: 30079, Time: 00:42:21

Health: -3/138     AC: 11    Str: 19    XL:     14   Next: 28%
Magic:  14/14      EV:  9    Int: 12    God:    Gozag
Gold:   637        SH: 11    Dex: 12    Spells: 13/13 levels left

rFire    + . .     SeeInvis +   R - +2 war axe (freeze)
rCold    + . .     Faith    .   D - +0 kite shield
rNeg     . . .     Spirit   .   V - +1 robe {rC+}
rPois    +         Reflect  .   h - +1 helmet
rElec    .         Harm     .   W - +1 cloak
rCorr    .         Rampage  .   N - +0 pair of gloves
Will     +....                  (no barding)
Stlth    ++........             v - amulet of regeneration
HPRegen  0.73/turn              x - ring "Xesumep" {Wiz Slay+2}
MPRegen  0.14/turn              l - ring of protection from fire

@: lethally poisoned (-3 -> -10), slowed, very slow
A: large, see invisible, deformed body, poison resistance, slowness 2, spit
poison 1, constrict 1, AC +4
a: Spit Poison, Renounce Religion, Potion Petition, Call Merchant, Bribe Branch


You were on level 6 of the Lair of Beasts.
You worshipped Gozag.
Gozag was pleased with you.
You visited 3 branches of the dungeon, and saw 19 of its levels.
You also visited: Sewer.

You collected 4166 gold pieces.
You spent 1815 gold pieces at shops.
You paid 1714 gold pieces to Gozag.

Inventory:

Hand Weapons
 s - a +0 war axe
 K - a +0 hand axe of draining
 R - a +2 war axe of freezing (weapon)
Missiles
 i - 70 poisoned darts
 T - 4 curare-tipped darts
Armour
 h - a +1 helmet (worn)
 D - a +0 kite shield (worn)
 N - a +0 pair of gloves (worn)
 V - a +1 robe of cold resistance (worn)
 W - a +1 cloak (worn)
Jewellery
 d - the ring of Heiladoh {Fire rElec Dex+3}
   (You bought it in a shop on level 9 of the Dungeon)

   [ring of fire]

   It enhances your fire magic.
   It affects your dexterity (+3).
   It protects you from fire.
   It makes you vulnerable to cold.
   It insulates you from electricity.
 e - an uncursed amulet of the acrobat
 l - a ring of protection from fire (right hand)
 m - an uncursed ring of resist corrosion
 v - an amulet of regeneration (around neck)
 x - the ring "Xesumep" (left hand) {Wiz Slay+2}
   (You bought it in a shop on level 9 of the Dungeon)

   [ring of wizardry]

   It improves your spell success rate.
   It affects your accuracy and damage with ranged weapons and melee attacks
   (+2).
 U - an uncursed ring of ice
Wands
 c - a wand of paralysis (1)
 r - a wand of iceblast (4)
 B - a wand of random effects (44)
 C - a wand of digging (5)
 H - a wand of acid (3)
 M - a wand of polymorph (6)
 P - a wand of disintegration (10)
Scrolls
 g - 8 scrolls of remove curse
 k - a scroll of fog
 q - 3 scrolls of teleportation
 u - a scroll of summoning {unknown}
 y - 6 scrolls of enchant armour
 A - a scroll of magic mapping
 E - 2 scrolls of enchant weapon
 F - a scroll of amnesia
 I - a scroll of holy word {unknown}
 L - a scroll of blinking {unknown}
 O - a scroll of noise {unknown}
 Q - a scroll of torment {unknown}
Potions
 a - a potion of mutation {unknown}
 b - 4 potions of curing
 f - 4 potions of attraction
 j - 3 potions of magic
 n - 4 potions of heal wounds
 o - a potion of invisibility
 p - 2 potions of brilliance
 t - 3 potions of flight
 w - 5 potions of haste
 z - 5 potions of cancellation
 G - 2 potions of ambrosia
 J - a potion of berserk rage
 S - 2 potions of resistance


   Skills:
 + Level 12.3 Fighting
 + Level 13.9 Axes
 - Level 1.0 Staves
 - Level 1.0 Crossbows
 - Level 1.0 Armour
 - Level 3.0 Stealth
 - Level 9.0 Shields
 + Level 12.2 Evocations


You had 13 spell levels left.
You didn't know any spells.
Your spell library contained the following spells:

 Spells                   Type           Power        Failure   Level
 Corona                   Hex            0%           13%         1
 Magic Dart               Conj           0%           13%         1
 Sting                    Tmut/Pois      0%           13%         1
 Summon Small Mammal      Summ           0%           13%         1
 Blink                    Tloc           N/A          21%         2
 Call Imp                 Summ           0%           21%         2
 Ensorcelled Hibernation  Hex/Ice        0%           21%         2
 Slow                     Hex            0%           21%         2
 Sublimation of Blood     Necr           0%           21%         2
 Call Canine Familiar     Summ           0%           36%         3
 Confusing Touch          Hex            0%           36%         3
 Conjure Flame            Conj/Fire      0%           36%         3
 Dazzling Flash           Conj/Hex       0%           36%         3
 Ignite Poison            Fire/Tmut/Pois 0%           36%         3
 Inner Flame              Hex/Fire       0%           36%         3
 Mephitic Cloud           Conj/Pois/Air  0%           36%         3
 Portal Projectile        Hex/Tloc       0%           36%         3
 Spider Form              Tmut/Pois      0%           36%         3
 Summon Guardian Golem    Hex/Summ       0%           36%         3
 Tukima's Dance           Hex            0%           36%         3
 Cause Fear               Hex            0%           75%         4
 Leda's Liquefaction      Hex/Erth       0%           75%         4
 Petrify                  Tmut/Erth      0%           75%         4
 Summon Ice Beast         Ice/Summ       0%           75%         4
 Summon Lightning Spire   Summ/Air       0%           75%         4
 Alistair's Intoxication  Tmut/Pois      0%           97%         5
 Irradiate                Conj/Tmut      0%           97%         5
 Eringya's Noxious Bog    Tmut/Pois      0%           100%        6


Dungeon Overview and Level Annotations

Branches:
Dungeon (12/15)            Temple (0/1) D:5            Lair (6/6) D:8
  Swamp (0/4) Lair:4       Spider (0/4) Lair:3        Slime (0/5) Lair:5
    Orc (1/2) D:9           Sewer (visited)

Altars:
Ashenzari
Dithmenos
Gozag
Trog
Uskayaw
Yredelemnul

Shops:
D:9 **=   Lair:4 }*

Annotations:
D:2 1 runed translucent door, Crazy Yiuf
D:5 3 runed translucent doors, bl3nd3r's ghost, novice GrFi
D:6 1 runed translucent door
D:8 Psyche
Lair:5 3 runed translucent doors, exclusion: oklob plant, Qeimiotua's ghost, journeyman MiFi
Lair:6 Nessos


Innate Abilities, Weirdness & Mutations

You cannot wear boots.
Your serpentine skin is tough. (AC +4)
You have supernaturally acute eyesight. (SInv)
Armour fits poorly on your strangely shaped body.
Your system is resistant to poisons. (rPois)
You cover ground very slowly.
You can spit poison.
You can use your snake-like lower body to constrict enemies.


Message History

Nessos shoots an arrow.
The arrow hits you!!
* * * LOW HITPOINT WARNING * * *
The arrow burns you.
* * * LOW HITPOINT WARNING * * *
Nessos shoots an arrow.
The arrow hits you!!
* * * LOW HITPOINT WARNING * * *
The arrow burns you.
* * * LOW HITPOINT WARNING * * *
The torpor snail closely misses you.
You hear an angry hiss.
You feel much better.
You constrict the torpor snail!
You feel sick.
Nessos shoots an arrow.
The arrow barely misses you.
Nessos shoots an arrow.
The arrow hits you!!
* * * LOW HITPOINT WARNING * * *
The arrow burns you.
You are more poisoned.
* * * LOW HITPOINT WARNING * * *
The torpor snail bites you!
You die...
Your body crumbles into a pile of gold.

≈##≈≈(.........#..P..
≈###≈.(.......#.P.PP
≈###≈............PP
≈≈≈≈≈..(......##..#
≈≈≈≈≈(..(.<....##.#
.......(......$...###
#...P...............#
#######..........(..##
##........@....# $
#.........w......
#..............#..
##.............../
#...............#
...............#.
.....c.........#
...........#.##


You could see Nessos (fast) and a torpor snail.

Vanquished Creatures
  Fannar (Lair:3)
  7 hydras
  A catoblepas (Lair:4)
  A boulder beetle (Lair:5)
  A two-headed ogre (D:9)
  7 death yaks
  Sonja (Lair:2)
  A lindwurm (Lair:2)
  Pikel (D:5)
  2 wolf spider zombies
  A wolf spider (Lair:3)
  3 oklob plants (Lair:4)
  A cyclops (D:11)
  10 elephants
  Maurice (D:8)
  6 black mambas
  13 cane toads
  A rime drake (Lair:4)
  6 komodo dragons
  2 polar bears (Lair:3)
  A troll (D:10)
  Prince Ribbit (D:9)
  A meliai zombie (D:11)
  3 wyverns
  A vampire (D:10)
  A wraith (D:10)
  Eustachio (D:5)
  46 yaks
  3 basilisks
  A steam dragon (Lair:4)
  A swamp worm (Lair:4)
  10 water moccasins
  3 ice beasts
  4 black bears
  5 orc warriors
  2 phantoms (D:6)
  4 sky beasts
  2 necrophages
  7 ogres
  4 centaurs
  A lemure (D:5)
  10 bullfrogs
  5 big kobolds
  4 scorpions
  A wyvern skeleton (D:9)
  19 wights
  2 electric eels
  2 howler monkeys
  A bullfrog skeleton (D:5)
  2 bullfrog zombies (D:11)
  4 jellies
  8 hounds
  7 orc priests
  3 centaur skeletons
  Jessica (D:2)
  11 orc wizards
  2 iguanas
  7 worker ants
  3 hell rats (Lair:4)
  A killer bee zombie (D:8)
  A hound zombie (D:4)
  A hound skeleton (D:7)
  2 mummies (D:11)
  A worker ant zombie (D:5)
  11 gnolls
  16 river rats
  17 adders
  A shadow imp (D:5)
  2 white imps
  2 ufetubi
  4 oozes
  An adder zombie (D:9)
  An adder skeleton (D:9)
  5 worms
  5 dart slugs
  4 leopard geckos
  47 orcs
  4 bats
  6 giant cockroaches
  8 goblins
  8 hobgoblins
  5 jackals
  36 kobolds
  3 quokkas
  6 ball pythons
  7 frilled lizards
  A goblin skeleton (D:6)
  A quokka skeleton (D:10)
  31 rats
499 creatures vanquished.

Vanquished Creatures (others)
  23 fungi
  42 plants
65 creatures vanquished.

Grand Total: 564 creatures vanquished

Notes
Turn   | Place    | Note
-------+----------+-------------------------------------------
     0 | D:1      | MajorAdolf the Naga Wanderer began the quest for the Orb.
     0 | D:1      | MajorAdolf set off with the following items: a +2
                  | quarterstaff, a potion of curing, a potion of
                  | lignification, a +0 robe, a +0 dagger
     0 | D:1      | Reached XP level 1. HP: 22/22 MP: 1/1
   257 | D:1      | Reached XP level 2. HP: 28/31 MP: 2/2
   575 | D:1      | Reached XP level 3. HP: 38/38 MP: 3/3
   870 | D:1      | Reached skill level 5 in Fighting
  1436 | D:2      | Noticed Jessica
  1446 | D:2      | Killed Jessica
  1447 | D:2      | Reached XP level 4. HP: 41/48 MP: 4/4
  1953 | D:2      | Found a runed translucent door.
  1954 | D:2      | Noticed Crazy Yiuf
  2619 | D:3      | Found a broken altar of Ashenzari.
  2647 | D:3      | Reached XP level 5. HP: 42/55 MP: 5/5
  2675 | D:3      | Found a glowing drain.
  2686 | Sewer    | Entered a sewer
  2873 | Sewer    | Noticed a big kobold
  2885 | Sewer    | Killed a big kobold
  3079 | Sewer    | Reached XP level 6. HP: 54/66 MP: 6/6
  4550 | D:3      | Reached skill level 1 in Axes
  5100 | D:3      | Reached XP level 7. HP: 17/73 MP: 7/7
  5551 | D:3      | Found a faded altar of an unknown god.
  5773 | D:4      | Reached skill level 2 in Axes
  6112 | D:4      | Reached skill level 3 in Axes
  6447 | D:4      | Reached skill level 1 in Shields
  7022 | D:5      | Entered Level 5 of the Dungeon
  7446 | D:6      | Reached skill level 4 in Axes
  7767 | D:6      | Reached XP level 8. HP: 74/81 MP: 8/8
  8359 | D:6      | Reached skill level 5 in Axes
  8912 | D:6      | Found a runed translucent door.
  8919 | D:6      | Found a basalt altar of Yredelemnul.
  9765 | D:7      | Reached skill level 6 in Axes
 10398 | D:7      | Reached XP level 9. HP: 82/88 MP: 9/9
 10431 | D:7      | Found a bloodstained altar of Trog.
 10451 | D:6      | Reached skill level 5 in Shields
 11077 | D:7      | Reached skill level 7 in Axes
 11902 | D:8      | Noticed Maurice
 12141 | D:8      | Killed Maurice
 12235 | D:8      | Noticed a death yak
 12236 | D:8      | Noticed a death yak
 12237 | D:8      | Noticed a death yak
 12623 | D:5      | Found an opulent altar of Gozag.
 12729 | D:5      | Became a worshipper of Gozag Ym Sagoz the Greedy
 12860 | D:5      | Noticed Pikel
 12874 | D:5      | Killed Pikel
 12875 | D:5      | Reached skill level 8 in Axes
 12875 | D:5      | Reached XP level 10. HP: 64/96 MP: 10/10
 13103 | D:5      | Noticed Eustachio
 13119 | D:5      | Killed Eustachio
 13392 | D:5      | Found a staircase to the Ecumenical Temple.
 13469 | D:5      | Noticed bl3nd3r's ghost (novice GrFi)
 13493 | D:5      | Found a runed translucent gate.
 13493 | D:5      | Found a runed translucent gate.
 13493 | D:5      | Found a runed translucent gate.
 14081 | D:8      | Killed a death yak
 14354 | D:9      | Found a staircase to the Orcish Mines.
 14354 | D:9      | Noticed a two-headed ogre
 14364 | D:9      | Reached skill level 9 in Axes
 14371 | D:9      | Reached skill level 5 in Evocations
 14382 | D:9      | Killed a two-headed ogre
 14383 | D:9      | Noticed Psyche
 15506 | D:9      | Found Dackuec's Jewellery Shop.
 15511 | D:9      | Bought the ring "Xesumep" {Wiz Slay+2} for 590 gold pieces
 15701 | D:9      | Noticed Prince Ribbit
 15716 | D:9      | Killed Prince Ribbit
 16032 | D:9      | Reached XP level 11. HP: 97/103 MP: 11/11
 16445 | D:9      | Found Biajagg's Assorted Antiques.
 16448 | D:9      | Bought a glowing brass wand for 116 gold pieces
 16448 | D:9      | Bought a scroll labelled UPLOEP MOXOSMIU for 29 gold pieces
 16448 | D:9      | Bought a scroll of identify for 58 gold pieces
 16502 | D:9      | Found Giettapt's Assorted Antiques.
 16512 | D:10     | Entered Level 10 of the Dungeon
 16855 | D:9      | Reached skill level 10 in Axes
 21222 | D:9      | Bought a smoking marble ring for 145 gold pieces
 21223 | D:9      | Identified the ring of Heiladoh {Fire rElec Dex+3} (You
                  | bought it in a shop on level 9 of the Dungeon)
 21330 | D:11     | Noticed a cyclops
 21350 | D:11     | Killed a cyclops
 21569 | D:11     | Found a shadowy altar of Dithmenos.
 22076 | D:12     | Reached skill level 11 in Axes
 22240 | D:12     | Noticed a cyan ugly thing
 22325 | Orc:1    | Entered Level 1 of the Orcish Mines
 22325 | Orc:1    | Noticed an orc sorcerer
 22342 | D:9      | Reached XP level 12. HP: 71/112 MP: 12/12
 22402 | Orc:1    | Noticed an ettin
 22618 | D:8      | Killed a death yak
 22659 | D:8      | Killed a death yak
 22775 | D:8      | Found a staircase to the Lair.
 22816 | Lair:1   | Entered Level 1 of the Lair of Beasts
 22980 | D:9      | Bought a wand of iceblast (6) for 112 gold pieces
 22980 | D:9      | Bought a scroll of identify for 56 gold pieces
 22980 | D:9      | Bought a bronze wand for 112 gold pieces
 23222 | Lair:1   | Noticed a five-headed hydra
 23226 | Lair:1   | Killed a five-headed hydra
 23889 | Lair:2   | Reached skill level 12 in Axes
 24043 | Lair:2   | Noticed Sonja
 24153 | Lair:2   | Killed Sonja
 24154 | Lair:2   | Reached skill level 10 in Fighting
 24240 | Lair:2   | Reached skill level 10 in Evocations
 24669 | Lair:2   | Noticed a five-headed hydra
 24673 | Lair:2   | Killed a five-headed hydra
 24674 | Lair:2   | Gained mutation: You can use your snake-like lower body to
                  | constrict enemies. [Naga growth]
 24674 | Lair:2   | Reached XP level 13. HP: 104/113 MP: 13/13
 24972 | Lair:3   | Noticed Fannar
 25400 | Lair:3   | Found a hole to the Spider Nest.
 26136 | Lair:3   | Killed Fannar
 26358 | Lair:3   | Got a serpentine amber ring
 26510 | Lair:3   | Identified the ring "Iloch" {*Tele rElec rN+ Str+3} (You
                  | found it on level 3 of the Lair of Beasts)
 26682 | Lair:4   | Found a hide-covered altar of Uskayaw.
 26976 | Lair:4   | Bought a wand of iceblast (5) for 135 gold pieces
 26978 | Lair:4   | Bought a wand of paralysis (3) for 55 gold pieces
 26978 | Lair:4   | Bought a wand of digging (5) for 198 gold pieces
 27036 | Lair:4   | Reached skill level 13 in Axes
 27825 | Lair:4   | Bought a wand of disintegration (15) for 209 gold pieces
 28151 | Lair:4   | Got a dazzling chain mail
 28162 | Lair:4   | Identified the +1 chain mail of Boredom {Dex+5} (You found
                  | it on level 4 of the Lair of Beasts)
 28265 | Lair:4   | Found a staircase to the Swamp.
 28370 | Lair:5   | Found a staircase to the Slime Pits.
 28770 | Lair:5   | Reached XP level 14. HP: 64/136 MP: 14/14
 28951 | Lair:5   | Identified Sif Muna's Collected Works on Toxins and the
                  | Blaze
 29530 | Lair:5   | Found a runed translucent gate.
 29531 | Lair:5   | Found a runed translucent gate.
 29544 | Lair:5   | Found a runed translucent gate.
 29617 | Lair:5   | Noticed Qeimiotua's ghost (journeyman MiFi)
 29805 | Lair:6   | Entered Level 6 of the Lair of Beasts
 29857 | Lair:6   | Noticed Nessos
 30078 | Lair:6   | HP: 4/138 [Nessos/arrow (18)]
 30079 | Lair:6   | Slain by a torpor snail

Illustrated notes

Levels and vault maps discovered:
D:1:      dpeg_chamrin_arrival_tetris, layout_basic
D:2:      layout_basic, uniq_crazy_yiuf_cottage, uniq_jessica
D:3:      layout_basic, chequers_ecumenical_altar_twisty, portal_sewer_entry_a,
          minmay_misc_feat_secret_circle, hangedman_abyss_or_decor_stabs,
          evilmike_ruin_ashenzari
D:4:      layout_loops_ring, serial_bayou, serial_bayou_shore_b,
          serial_bayou_pond_b, serial_bayou_pond_e, serial_bayou_pond_d,
          serial_bayou_lake_a, serial_bayou_pond_e
D:5:      layout_cave_pools, overflow_temple_1_default,
          minmay_temple_entry_nine_rooms, gammafunk_ghost_icy, uniq_eustachio,
          uniq_pikel
D:6:      layout_basic, dk_yredelemnul_ordeal
D:7:      layout_gridville, trog_ov_bears_minmay
D:8:      layout_basic, dpeg_lair_monsters, uniq_maurice
D:9:      hangedman_cross_stitches, layout_basic, orc_0_dummy, serial_shops,
          kennysheep_mini, shop, nicolae_shop_trees, uniq_psyche,
          uniq_prince_ribbit1
D:10:     layout_basic
D:11:     layout_gridville, serial_undead, serial_undead_d, serial_undead_a,
          serial_undead_a, serial_undead_a, nicolae_dithmenos_shadow_blocks
D:12:     layout_gridville
Lair:1:   layout_big_grid
Lair:2:   layout_small_grid, serial_rivers, chequers_serial_rivers_micro_a,
          chequers_serial_rivers_room_b, chequers_serial_rivers_micro_a,
          chequers_serial_rivers_room_b, uniq_sonja
Lair:3:   layout_hall_layers, spider_nest_entry_rubble, uniq_fannar
Lair:4:   layout_gridlike, palyth_hydra_swamp_entry, basic_altar, st_stairs_5,
          kennysheep_abandoned_house, serial_bayou_shore_a, grunt_megastairs_1,
          serial_bayou_shore_b, minmay_lair_oklob_chamber
Lair:5:   layout_regular_city, minmay_slime_entry_oklob_open,
          maelrawn_ghost_gauntlet_escape, grunt_megastairs_4
Lair:6:   minmay_lair_end_enchanted_forest, layout_gridlike,
          minmay_stone_trees_large, uniq_nessos
Orc:1:    layout_caves

Skill      XL: |  1  2  3  4  5  6  7  8  9 10 11 12 13 14 |
---------------+-------------------------------------------+-----
Fighting       | 5 6 7 8 10 11 12 | 12.3
Axes           | 1 4 6 8 9 11 12 13 | 13.9
Shields        | 2 4 6 7 9 |  9.0
Evocations     | 3 6 8 10 11 12 | 12.2
Staves         | |  1.0
Crossbows      | |  1.0
Armour         | |  1.0
Stealth        | |  3.0

Action                   |  1- 3 |  4- 6 |  7- 9 | 10-12 | 13-15 || total
-------------------------+-------+-------+-------+-------+-------++-------
Melee: Quarterstaff      |    77 |   181 |       |       |       ||   258
       War axe           |       |    49 |   303 |   389 |    11 ||   752
       Hand axe          |       |    11 |   140 |   577 |   473 ||  1201
       Constrict         |       |       |       |       |    59 ||    59
Invok: Call Merchant     |       |       |       |       |     2 ||     2
 Abil: Spit Poison       |     2 |     5 |    16 |       |       ||    23
Evoke: Wand              |       |       |       |    29 |    30 ||    59
  Use: Scroll            |       |     4 |    14 |     5 |     6 ||    29
       Potion            |       |     3 |     5 |     5 |     6 ||    19
 Stab: Sleeping          |     6 |     8 |     8 |     5 |     1 ||    28
       Distracted        |       |       |     1 |     6 |       ||     7
       Invisible         |       |       |       |     2 |       ||     2
       Paralysed         |       |       |       |       |    22 ||    22
Armor: Robe              |    20 |    72 |   130 |   227 |   142 ||   591
       Skin              |       |     7 |    15 |       |       ||    22
Dodge: Dodged            |    47 |   122 |   161 |   252 |   136 ||   718
Block: Kite shield       |       |       |   220 |   507 |   266 ||   993
